[Event "Titled Tuesday Blitz February 15 Late 2022"]
[White "Okike, David"]
[Black "Yurovskykh, Oleksandr"]
[WhiteFideId "8500134"]
[BlackFideId "14134020"]
[WhiteElo "2232"]
[BlackElo "2292"]
[Result "0-1"]
[Round "04"]
[TimeControl "180+1"]
[Date "2022.02.16"]
[WhiteClock "0:01:19"]
[BlackClock "0:00:21"]

1. e4 d5 2. exd5 Qxd5 3. Nc3 Qd8 4. Bc4 c5 5. Nf3 Nc6 6. O-O Nf6 7. h3 e6 8. Re1 Be7 9. a3 O-O 10. d3 b6 11. Ne5 Nxe5 12. Rxe5 Bb7 13. Bg5 h6 14. Bh4 Nd7 15. Bxe7 Qxe7 16. Re1 Qg5 17. Ne4 Qg6 18. Ng3 Nf6 19. Re5 Rfd8 20. Qe2 Rd6 21. Re1 Rad8 22. Qe3 Nd7 23. Rh5 Nf6 24. Re5 Rd4 25. c3 R4d6 26. Qe2 Bd5 27. Bxd5 Rxd5 28. Rxd5 Rxd5 29. Rd1 Qg5 30. Qe3 Qh4 31. f4 Nh5 32. Ne2 Qd8 33. d4 Nf6 34. Rf1 g6 35. Rf3 Kg7 36. Rf1 h5 37. Qf3 cxd4 38. Nxd4 Ng8 39. Nc6 Qd6 40. Ne5 Ne7 41. c4 Rd2 42. Rf2 Qd4 43. g4 hxg4 44. hxg4 Qxb2 45. a4 Rxf2 46. Qxf2 Qxf2+ 47. Kxf2 f6 48. Nd7 Kf7 49. Ke3 Nc6 50. Ke4 Ke7 51. f5 gxf5+ 52. gxf5 Kxd7 53. fxe6+ Kxe6 54. Kd3 Ke5 55. Kc3 Na5 56. Kb4 Nc6+ 57. Kb5 Kd6 58. Ka6 Kc5 59. Kb7 f5 60. a5 bxa5 61. Ka6 f4 0-1


[Site "https://www.chess.com"]

[Event "Titled Tuesday Blitz February 15 Late 2022"]
[White "Ozdemir, Serhan Berat"]
[Black "Mikhailov, Viacheslav"]
[WhiteFideId "6374611"]
[BlackFideId "4187369"]
[WhiteElo "1920"]
[BlackElo "2381"]
[Result "0-1"]
[Round "04"]
[TimeControl "180+1"]
[Date "2022.02.16"]
[WhiteClock "0:00:01"]
[BlackClock "0:00:09"]

1. e4 c5 2. Nf3 Nc6 3. Bb5 g6 4. Bxc6 dxc6 5. O-O Bg7 6. h3 Nf6 7. d3 O-O 8. Nbd2 b5 9. Re1 a5 10. e5 Nd5 11. Ne4 Qb6 12. c4 bxc4 13. dxc4 Nb4 14. Be3 Rd8 15. Bxc5 Rxd1 16. Bxb6 Rxe1+ 17. Rxe1 Nxa2 18. Ra1 Nb4 19. Rxa5 Rxa5 20. Bxa5 Nd3 21. Bc3 Be6 22. Ned2 c5 23. Kf1 Kf8 24. h4 h6 25. g3 Nc1 26. Ne4 Bxc4+ 27. Ke1 Bd5 28. Nfd2 Nd3+ 29. Ke2 Nxe5 30. Nxc5 Bc6 31. Bxe5 Bxe5 32. b4 Bc3 33. Nd3 e5 34. Nb1 Bd4 35. Na3 Ke7 36. b5 Bd5 37. Nc2 Bb6 38. Na3 e4 39. Nb4 Bb7 40. Nac2 Kd6 41. Ne3 Kc5 42. Nbc2 Kxb5 43. Ng4 h5 44. Ne5 Ba6 45. Ne3 Kc5+ 46. Kd2 Ba5+ 47. Kc2 Be1 48. Nd1 Bc4 0-1


[Site "https://www.chess.com"]

[Event "Titled Tuesday Blitz February 15 Late 2022"]
[White "Papasimakopoulos, Alexandros"]
[Black "Van Foreest, Jorden"]
[WhiteFideId "4244125"]
[BlackFideId "1039784"]
[WhiteElo "2340"]
[BlackElo "2609"]
[Result "1-0"]
[Round "04"]
[TimeControl "180+1"]
[Date "2022.02.15"]
[WhiteClock "0:00:18"]
[BlackClock "0:00:04"]

1. d4 d5 2. c4 c6 3. cxd5 cxd5 4. Bf4 Nf6 5. Nc3 Nc6 6. e3 g6 7. Bd3 Bg7 8. h3 O-O 9. Nf3 Bf5 10. Bxf5 gxf5 11. O-O e6 12. Rc1 Rc8 13. Na4 Ne4 14. Nc5 Nxc5 15. Rxc5 Re8 16. Qd2 Bf8 17. Rc2 Qb6 18. Rfc1 a6 19. a3 Rcd8 20. b4 Rd7 21. Ne5 Nxe5 22. Bxe5 Qb5 23. e4 h6 24. exf5 exf5 25. Qf4 Qb6 26. Qxf5 Qe6 27. Qf4 Bg7 28. Rc8 Re7 29. Bxg7 Kxg7 30. Rxe8 Rxe8 31. Kh2 Qf6 32. Qxf6+ Kxf6 33. Rc7 b5 34. Rc6+ Kf5 35. Rxa6 Ke4 36. Rb6 Kxd4 37. Rxb5 Rc8 38. Rb7 Kc3 39. a4 d4 40. a5 d3 41. a6 d2 42. Rd7 Kc2 43. b5 Ra8 44. Rc7+ Kd3 45. a7 Ke2 46. Re7+ Kxf2 47. Rxf7+ Ke2 48. Re7+ Kf1 49. Rd7 Rxa7 50. Rxd2 Rb7 51. Rb2 Rb6 52. Kg3 Ke1 53. Kh4 Kd1 54. Kh5 Kc1 55. Rf2 Kd1 56. g4 Ke1 57. Rb2 Kd1 58. h4 Kc1 59. Rh2 Kd1 60. Ra2 Ke1 61. g5 hxg5 62. hxg5 Rxb5 63. Kh6 Rb3 64. g6 Rh3+ 65. Kg5 Rg3+ 66. Kf6 Rf3+ 67. Ke6 Re3+ 68. Kf7 Rf3+ 69. Kg8 Rf4 70. g7 Kf1 71. Ra7 Kg2 72. Rf7 Ra4 73. Rf6 Kg3 74. Kh7 Rh4+ 75. Rh6 Rb4 1-0


[Site "https://www.chess.com"]

[Event "Titled Tuesday Blitz February 15 Late 2022"]
[White "Papayan, Oleg"]
[Black "Antonio, Jorge Carlos"]
[WhiteFideId "4193911"]
[BlackFideId "113190"]
[WhiteElo "2038"]
[BlackElo "2247"]
[Result "1-0"]
[Round "04"]
[TimeControl "180+1"]
[Date "2022.02.16"]
[WhiteClock "0:01:32"]
[BlackClock "0:02:00"]

1. e4 e5 2. Nf3 Nc6 3. Bb5 a6 4. Bxc6 dxc6 5. O-O Bd6 6. d4 Qe7 7. c4 exd4 8. Qxd4 Bc5 9. Qxg7 Qf6 10. Bh6 Bg4 11. e5 Qxg7 12. Bxg7 Bxf3 13. gxf3 Bd4 14. Bxh8 Bxb2 15. Nd2 Bxa1 16. Rxa1 O-O-O 17. Ne4 Rd4 18. e6 Rxc4 19. exf7 1-0


[Site "https://www.chess.com"]

[Event "Titled Tuesday Blitz February 15 Late 2022"]
[White "Papp, Petra"]
[Black "Hoffmann, Asa"]
[WhiteFideId "739049"]
[BlackFideId "2001470"]
[WhiteElo "2259"]
[BlackElo "2117"]
[Result "1-0"]
[Round "04"]
[TimeControl "180+1"]
[Date "2022.02.16"]
[WhiteClock "0:00:05"]
[BlackClock "0:00:10"]

1. d4 Nf6 2. c4 c5 3. d5 e5 4. Nc3 d6 5. e4 Be7 6. Bd3 Nbd7 7. Nge2 Nf8 8. Ng3 g6 9. h4 h5 10. f3 N6h7 11. Be3 Bxh4 12. Bf2 Bg5 13. Qe2 a6 14. Be3 Bxe3 15. Qxe3 Qg5 16. Qf2 Bd7 17. Nf1 f5 18. Ne3 Nf6 19. O-O-O b5 20. Kb1 b4 21. Ne2 f4 22. Nc2 a5 23. g3 fxg3 24. Nxg3 a4 25. Rdg1 Qh6 26. Ne3 Kd8 27. Ne2 Kc7 28. f4 exf4 29. Nxf4 Re8 30. e5 Rxe5 31. Bxg6 h4 32. Bc2 h3 33. Rh2 Qh4 34. Qf3 Rh6 35. Rgh1 Bg4 36. Nxg4 Qxg4 37. Qf2 N8d7 38. Nd3 Rf5 39. Qd2 Qg5 40. Qxg5 Rxg5 41. Nf4 Ne5 42. Ne6+ Kd7 43. Nxg5 Nxc4 44. Rxh3 Rxh3 45. Rxh3 Nxd5 46. Rh7+ Kc6 47. Kc1 Nce3 48. Be4 Kb5 49. Bxd5 Nxd5 50. Ne6 c4 51. Nc7+ Nxc7 52. Rxc7 d5 53. Rd7 Kc5 54. Kd2 d4 55. Rd8 c3+ 56. bxc3 dxc3+ 57. Kd3 Kb5 58. Rb8+ Kc5 59. Rc8+ Kb5 60. Kd4 b3 61. axb3 a3 62. Kxc3 a2 63. Ra8 1-0


[Site "https://www.chess.com"]

[Event "Titled Tuesday Blitz February 15 Late 2022"]
[White "Paravyan, David"]
[Black "Bok, Benjamin"]
[WhiteFideId "4194985"]
[BlackFideId "1017063"]
[WhiteElo "2569"]
[BlackElo "2658"]
[Result "1-0"]
[Round "04"]
[TimeControl "180+1"]
[Date "2022.02.15"]
[WhiteClock "0:00:08"]
[BlackClock "0:00:01"]

1. e4 c5 2. Nf3 d6 3. d4 cxd4 4. Nxd4 Nf6 5. Nc3 a6 6. Bg5 Nbd7 7. f4 Qc7 8. Qf3 b5 9. Bd3 Bb7 10. a3 g6 11. O-O-O Bg7 12. Kb1 Rc8 13. Qh3 Qb6 14. e5 dxe5 15. fxe5 Nxe5 16. Rhe1 Nxd3 17. Rxd3 O-O 18. Bh6 Rfd8 19. Bxg7 Kxg7 20. Rxe7 Rxd4 21. Rxb7 Qxb7 22. Rxd4 Re8 23. Rd6 Re1+ 24. Ka2 b4 25. Rxf6 Kxf6 26. Qh4+ Kf5 27. g4+ Kf4 28. Qg3+ Kg5 29. h4+ Kh6 30. Qxe1 bxc3 31. Qxc3 Qe4 32. Qc8 Kg7 33. b3 a5 34. Kb2 h5 35. Qc3+ Kg8 36. gxh5 Qxh4 37. Qxa5 gxh5 38. a4 Qg4 39. Qd8+ Kg7 40. a5 h4 41. a6 h3 42. a7 h2 43. a8=Q Qd4+ 1-0


[Site "https://www.chess.com"]

[Event "Titled Tuesday Blitz February 15 Late 2022"]
[White "Petrosyan, Manuel"]
[Black "Janaszak, Dawid"]
[WhiteFideId "13300857"]
[BlackFideId "1119206"]
[WhiteElo "2592"]
[BlackElo "2199"]
[Result "1-0"]
[Round "04"]
[TimeControl "180+1"]
[Date "2022.02.15"]
[WhiteClock "0:00:43"]
[BlackClock "0:00:04"]

1. e4 c5 2. Nf3 Nc6 3. Bb5 d6 4. Bxc6+ bxc6 5. e5 dxe5 6. Nxe5 Qd5 7. Nf3 Bg4 8. d3 Nf6 9. Nbd2 e6 10. h3 Bh5 11. O-O Be7 12. Qe1 O-O 13. Ne5 Nd7 14. Ndc4 Nxe5 15. Qxe5 Bf6 16. Qg3 Rab8 17. Rb1 a5 18. a4 Qd8 19. Bf4 Rb4 20. b3 Bd4 21. Bc7 Qa8 22. Rbc1 Bc3 23. Be5 Bxe5 24. Qxe5 Bg6 25. Qxc5 Rbb8 26. Qxa5 Qb7 27. Qc3 c5 28. a5 Qc6 29. Rfe1 f6 30. Qd2 e5 31. Qe3 Bf7 32. Ra1 Bd5 33. f3 Kh8 34. Nb6 Be6 35. Qe4 Qb5 36. Qa4 Qa6 37. Qc6 Bf7 38. Qxc5 Qb7 39. c4 Rfd8 40. Red1 Qa7 41. b4 Rb7 42. b5 Rc7 43. Qf2 f5 44. a6 e4 45. dxe4 Re8 46. exf5 Rd7 47. Nxd7 1-0


[Site "https://www.chess.com"]

[Event "Titled Tuesday Blitz February 15 Late 2022"]
[White "Petrova, Irina"]
[Black "Rasulov, Vugar"]
[WhiteFideId "14124122"]
[BlackFideId "13402390"]
[WhiteElo "1988"]
[BlackElo "2560"]
[Result "0-1"]
[Round "04"]
[TimeControl "180+1"]
[Date "2022.02.16"]
[WhiteClock "0:00:19"]
[BlackClock "0:01:39"]

1. e4 e5 2. Nf3 Nc6 3. Bc4 Bc5 4. d3 Nf6 5. a4 a6 6. a5 O-O 7. c3 h6 8. h3 d5 9. exd5 Nxd5 10. Qb3 Nf6 11. O-O e4 12. dxe4 Nxe4 13. Nbd2 Nd6 14. Bd3 Be6 15. Qc2 Qf6 16. Ne4 Nxe4 17. Bxe4 Rad8 18. Be3 Bxe3 19. fxe3 Bd5 20. Nd4 Qg5 21. Bxd5 Qxe3+ 22. Kh1 Rxd5 23. Nxc6 bxc6 24. Rae1 Qg5 25. b4 c5 26. Qe2 cxb4 27. cxb4 Rd2 28. Qf3 Rb2 29. Re4 Qd5 30. Rg4 Qxf3 31. Rxf3 Re8 32. Rc4 Ree2 33. Rg3 Rec2 34. Rd4 g6 35. Rd8+ Kg7 36. Ra8 Rc6 37. Rb8 h5 38. Rf3 h4 39. Rf4 Rcc2 40. Rg4 f5 41. Rxh4 Rxg2 42. Rhh8 Rh2+ 43. Kg1 Rhc2 44. Rhg8+ Kf6 45. Rgf8+ Kg5 46. h4+ Kg4 0-1


[Site "https://www.chess.com"]

[Event "Titled Tuesday Blitz February 15 Late 2022"]
[White "Pichot, Alan"]
[Black "Tregubov, Pavel V."]
[WhiteFideId "110973"]
[BlackFideId "4115341"]
[WhiteElo "2543"]
[BlackElo "2341"]
[Result "0-1"]
[Round "04"]
[TimeControl "180+1"]
[Date "2022.02.15"]
[WhiteClock "0:00:02"]
[BlackClock "0:00:07"]

1. e4 c5 2. Nf3 e6 3. d4 cxd4 4. Nxd4 Nc6 5. Nc3 Nf6 6. Be2 Bb4 7. O-O Bxc3 8. bxc3 Nxe4 9. Nxc6 bxc6 10. Bd3 d5 11. Ba3 c5 12. Bxe4 dxe4 13. Qg4 O-O 14. Bxc5 f5 15. Qf4 Rf7 16. Rfd1 Rd7 17. Bd4 Rd5 18. Rdb1 Ba6 19. h4 Qd6 20. Qxd6 Rxd6 21. Rb4 Rd5 22. Rab1 e5 23. Rb8+ Rxb8 24. Rxb8+ Kf7 25. Bxa7 Rd1+ 26. Kh2 Rd2 27. Rb6 Bf1 28. Rb7+ Kf6 29. Rb1 Bc4 30. Rb2 f4 31. Rb4 Bd5 32. c4 e3 33. cxd5 exf2 34. Bxf2 Rxf2 35. Rc4 Rd2 36. Rc5 e4 37. d6 Rxd6 38. Rc4 Kf5 39. Rc8 Rd2 40. Kg1 e3 41. Kf1 Rf2+ 42. Kg1 Rd2 43. Kf1 Kg4 44. a4 Kxh4 45. a5 Rf2+ 46. Kg1 Rd2 47. Kf1 Rd1+ 48. Ke2 Ra1 49. Kf3 Rf1+ 50. Ke2 Rf2+ 51. Ke1 Rxg2 52. Rc4 Kg3 53. a6 f3 54. Kd1 Rg1# 0-1


[Site "https://www.chess.com"]

[Event "Titled Tuesday Blitz February 15 Late 2022"]
[White "Piesik, Piotr"]
[Black "Nazaretyan, Tigran"]
[WhiteFideId "1136194"]
[BlackFideId "24162345"]
[WhiteElo "2232"]
[BlackElo "2192"]
[Result "0-1"]
[Round "04"]
[TimeControl "180+1"]
[Date "2022.02.16"]
[WhiteClock "0:01:34"]
[BlackClock "0:01:01"]

1. Nf3 Nf6 2. Ng1 e5 3. Nf3 e4 4. Nd4 c5 5. Nb3 c4 6. Nd4 Nc6 7. Nxc6 dxc6 8. d3 cxd3 9. exd3 Bg4 10. Be2 h5 11. h3 Bf5 12. Bg5 Bb4+ 13. Nc3 exd3 14. Bxd3 Bxd3 15. Qxd3 Qxd3 16. cxd3 Nd5 17. Bd2 O-O-O 18. Nxd5 Bxd2+ 19. Kxd2 Rxd5 20. Rhe1 h4 21. Re3 Rg5 22. Rg1 Rh6 23. g4 hxg3 24. Rexg3 Rxg3 25. Rxg3 g6 26. f4 Kd7 27. Ke3 Ke6 28. Ke4 Rh5 29. a4 a5 30. d4 f5+ 31. Ke3 Kd5 32. b3 b5 33. axb5 cxb5 34. Kd3 b4 35. Re3 Rh4 36. Re5+ Kd6 37. Rxa5 Rxf4 38. Kc4 g5 39. Ra6+ Ke7 40. Rg6 g4 41. hxg4 Rxg4 42. Rh6 f4 43. Kc5 f3 44. d5 f2 45. Rh7+ Kf6 46. Rh1 Rg1 47. Rh8 Kg7 0-1


[Site "https://www.chess.com"]

[Event "Titled Tuesday Blitz February 15 Late 2022"]
[White "Pinto, Daniel"]
[Black "Gurevich, Dmitry"]
[WhiteFideId "3303144"]
[BlackFideId "2000407"]
[WhiteElo "1938"]
[BlackElo "2506"]
[Result "1-0"]
[Round "04"]
[TimeControl "180+1"]
[Date "2022.02.16"]
[WhiteClock "0:00:05"]
[BlackClock "0:00:01"]

1. e4 c5 2. Nf3 d6 3. c3 Nf6 4. h3 g6 5. Bd3 Bg7 6. O-O O-O 7. Bc2 e5 8. d4 cxd4 9. cxd4 exd4 10. Nxd4 Re8 11. Nc3 a6 12. Bg5 Nc6 13. Nde2 h6 14. Bh4 Ne5 15. b3 b5 16. f4 Nc6 17. Rc1 Nb4 18. Bb1 Qb6+ 19. Bf2 Qb8 20. a3 Nc6 21. Nd5 Nxd5 22. Rxc6 Nf6 23. Rxd6 Bb7 24. e5 Ne4 25. Rd7 Nxf2 26. Rxf2 Bc6 27. Rd6 Qb7 28. e6 Rxe6 29. Rxe6 fxe6 30. Bxg6 Qb6 31. Kf1 Rd8 32. Qc2 Bd5 33. Bh7+ Kh8 34. Rf3 Qd6 35. Rd3 Qe7 36. Bg6 Rf8 37. g3 Ba8 38. Bh5 e5 39. Re3 Qf6 40. Bg4 exf4 41. Nxf4 Qa1+ 42. Re1 Qf6 43. Ke2 Re8+ 44. Kf1 Rxe1+ 45. Kxe1 Qe5+ 46. Kd2 Qe4 47. Qxe4 Bxe4 48. Ne6 Be5 49. Nc5 Bd5 50. Nxa6 1-0


[Site "https://www.chess.com"]

[Event "Titled Tuesday Blitz February 15 Late 2022"]
[White "Plotkin, Mark"]
[Black "Deac, Bogdan-Daniel"]
[WhiteFideId "2611651"]
[BlackFideId "1226380"]
[WhiteElo "2178"]
[BlackElo "2646"]
[Result "0-1"]
[Round "04"]
[TimeControl "180+1"]
[Date "2022.02.15"]
[WhiteClock "0:00:01"]
[BlackClock "0:00:05"]

1. e4 c5 2. d4 cxd4 3. c3 d3 4. Nf3 g6 5. Bxd3 Bg7 6. O-O Nc6 7. Be3 Nf6 8. Nbd2 O-O 9. h3 d6 10. Qe2 b6 11. Rfd1 Bb7 12. Nd4 Qc7 13. Rac1 a6 14. f4 b5 15. N2f3 Nd7 16. Nb3 Nb6 17. Qf2 Na4 18. Rc2 Rac8 19. Rcd2 Na5 20. Nxa5 Qxa5 21. Bb1 Qc7 22. f5 Nc5 23. Qh4 Qc6 24. Rd4 Rce8 25. Bh6 f6 26. Bxg7 Kxg7 27. e5 dxe5 28. Rg4 Rd8 29. Rf1 Nd3 30. Bxd3 Rxd3 31. Qh5 Rh8 32. Kh1 Qe8 33. Nh4 Rxh3+ 34. Kg1 Rxh4 35. Qxh4 Qf7 36. Rd1 Bc6 37. b3 a5 38. Qg3 Re8 39. Qe3 g5 40. Qc5 h5 41. Rg3 Be4 42. Rd7 Bxf5 43. Rc7 Bg6 44. Rf3 h4 45. Kh2 Qe6 46. Re3 e4 47. Qxb5 Kf7 48. Qc5 g4 49. Kg1 g3 50. Re1 Qg4 51. Rf1 h3 52. Qd4 h2+ 53. Kh1 Qg5 54. Rc5 Qh4 55. Rc7 Qg5 56. Rc5 Qg4 57. Rc6 Qe6 0-1


[Site "https://www.chess.com"]

[Event "Titled Tuesday Blitz February 15 Late 2022"]
[White "Przybylski, Wojciech"]
[Black "Ankerst, Mihael"]
[WhiteFideId "1117599"]
[BlackFideId "14602369"]
[WhiteElo "2133"]
[BlackElo "2306"]
[Result "1-0"]
[Round "04"]
[TimeControl "180+1"]
[Date "2022.02.16"]
[WhiteClock "0:00:11"]
[BlackClock "0:00:42"]

1. e4 c5 2. Nf3 Qb6 3. Nc3 Nc6 4. Nd5 Qa5 5. c3 e6 6. Ne3 Be7 7. e5 Qc7 8. d4 d5 9. Be2 Nh6 10. O-O O-O 11. a3 Bd7 12. Nc2 Rac8 13. Bxh6 gxh6 14. Rc1 Qb6 15. b4 cxd4 16. cxd4 a6 17. Ne3 Na7 18. Rc5 Qd8 19. Ne1 Bb5 20. Nd3 Qd7 21. Ng4 Kg7 22. Qd2 Kh8 23. Qxh6 Rg8 24. Nf6 Bxf6 25. Qxf6+ Rg7 26. Rfc1 Nc6 27. Nf4 Qd8 28. Bxb5 axb5 29. Qxd8+ Rxd8 30. Ne2 Ra8 31. R1c3 Rg4 32. f4 h5 33. Kf2 h4 34. Rxb5 Rag8 35. g3 R4g6 36. Rxb7 Nd8 37. Rd7 Kh7 38. Rc8 hxg3+ 39. hxg3 Nc6 40. Rxg8 Kxg8 41. Rc7 Nxd4 42. Nxd4 Rh6 43. Rc8+ Kg7 44. Kg2 Rh7 45. Nf3 Kg6 46. a4 Rg7 47. Ng5 Kf5 48. Rf8 Kg4 49. Rxf7 Rg6 50. Rf6 Rg8 51. Nxe6 Rc8 52. Nd4 Rc4 53. Rg6+ Kh5 54. Rg5+ Kh6 55. Nf3 Rxb4 56. e6 Rb2+ 57. Kh3 Re2 58. Kg4 d4 59. Rd5 d3 60. Rxd3 Rxe6 61. Rd5 Ra6 62. Rh5+ Kg7 63. Rg5+ Kf8 64. a5 Ra7 65. Rf5+ Kg8 66. Ng5 Kh8 67. Re5 Kg7 68. Rd5 Kg8 69. Rc5 Kh8 70. Rb5 Kg8 71. Rf5 Kh8 72. Re5 Kg7 73. f5 Kh6 74. Re6+ Kg7 75. a6 Ra8 76. Rg6+ Kf8 77. Rf6+ Ke7 78. Re6+ Kf8 79. Kf4 Kg7 80. g4 Kh8 81. Rd6 Kg8 82. Rc6 Kg7 83. Rb6 Kf8 84. Nf3 Kg8 85. Nd4 Rxa6 86. Rxa6 Kg7 87. Re6 Kf8 88. Ke5 Kg8 89. g5 Kh8 90. Ne2 Kg8 91. Nc1 Kh8 92. Na2 Kg8 93. Nc3 Kh8 94. Nd5 Kg8 95. Nb4 Kh8 96. Re7 Kg8 97. Kf6 Kh8 98. g6 Kg8 99. Re8# 1-0


[Site "https://www.chess.com"]

[Event "Titled Tuesday Blitz February 15 Late 2022"]
[White "Ramirez, Alejandro"]
[Black "Vovk, Orest"]
[WhiteFideId "6500617"]
[BlackFideId "14113490"]
[WhiteElo "2786"]
[BlackElo "2570"]
[Result "1-0"]
[Round "04"]
[TimeControl "180+1"]
[Date "2022.02.16"]
[WhiteClock "0:00:23"]
[BlackClock "0:00:02"]

1. Nf3 h6 2. e4 g5 3. d4 Bg7 4. h4 g4 5. Ne5 h5 6. Be3 d6 7. Nd3 Nf6 8. Nc3 c6 9. Qd2 Qa5 10. O-O-O b5 11. a3 Na6 12. e5 dxe5 13. Nxe5 Bb7 14. Ne4 Qxd2+ 15. Nxd2 Nd5 16. Nd3 Nxe3 17. fxe3 Bh6 18. Re1 O-O-O 19. Nb3 Kc7 20. Kb1 Bc8 21. g3 Be6 22. Nbc5 Nxc5 23. Nxc5 Bc8 24. Bd3 f6 25. Rhf1 Rd6 26. c3 Rg8 27. Kc2 Rg7 28. Re2 Rg8 29. a4 a6 30. Bf5 e6 31. Bd3 f5 32. e4 f4 33. gxf4 g3 34. e5 Rdd8 35. Rg2 Rg4 36. Ne4 Bxf4 37. Nf6 Rxh4 38. Be2 Rh2 39. Rxh2 gxh2 40. Nxh5 Bg5 41. Rh1 Rh8 42. Rxh2 bxa4 43. Rg2 Bd8 44. Rg7+ Kb6 45. Kd2 c5 46. Nf4 cxd4 47. cxd4 Bh4 48. Bc4 Bf2 49. Kd3 Rd8 50. Ne2 Bh4 51. Rg6 Re8 52. Nf4 Bd8 53. Bxe6 Bxe6 54. Rxe6+ Rxe6 55. Nxe6 Be7 56. Kc4 a3 57. bxa3 Bxa3 58. Nc5 Bc1 59. d5 Bg5 60. d6 Kc6 61. Nd3 Bh4 62. Nb4+ Kd7 63. Kd5 Bg3 64. e6+ Ke8 65. d7+ Ke7 66. Nc6+ 1-0


[Site "https://www.chess.com"]

[Event "Titled Tuesday Blitz February 15 Late 2022"]
[White "Rangel, Daniel"]
[Black "Wartiovaara, Oliver"]
[WhiteFideId "2124475"]
[BlackFideId "513024"]
[WhiteElo "2187"]
[BlackElo "1971"]
[Result "0-1"]
[Round "04"]
[TimeControl "180+1"]
[Date "2022.02.16"]
[WhiteClock "0:00:10"]
[BlackClock "0:00:08"]

1. c4 g6 2. g3 Bg7 3. Bg2 Nf6 4. Nc3 O-O 5. e4 d6 6. Nge2 Nc6 7. O-O e5 8. d3 Be6 9. h3 Nd4 10. Kh2 a6 11. Nxd4 exd4 12. Ne2 c5 13. Nf4 Bd7 14. a3 b5 15. cxb5 axb5 16. Rb1 Qc7 17. b4 c4 18. dxc4 bxc4 19. b5 Qc5 20. a4 c3 21. Qc2 Qc4 22. Ra1 d3 23. Qxd3 Qxd3 24. Nxd3 c2 25. Bf4 Nh5 26. Bxd6 Bxa1 27. Rxa1 Bxb5 28. Bxf8 Kxf8 29. Nc1 Rxa4 30. Rxa4 Bxa4 31. f4 Ng7 32. Bf1 Ne6 33. Kg2 Nc5 34. Bd3 Ke7 35. Kf2 Bc6 36. Ke3 Nxd3 37. Kxd3 Ba4 38. Kd2 Kd6 39. Kc3 Kc5 40. Nd3+ Kb5 41. Kb2 Kc4 42. Nc1 Kd4 43. e5 Ke4 44. Ka3 Bc6 45. Kb3 Kf3 46. Kxc2 Kxg3 47. Nd3 Be4 48. Kc3 Bxd3 49. Kxd3 Kxf4 50. Kd4 Kf5 51. Kd5 g5 52. Kd6 h5 53. Ke7 Kxe5 54. Kxf7 g4 55. h4 g3 56. Kg6 g2 57. Kxh5 g1=Q 58. Kh6 Kf6 59. Kh7 Qg7# 0-1


[Site "https://www.chess.com"]

[Event "Titled Tuesday Blitz February 15 Late 2022"]
[White "Remolar Gallen, Jose"]
[Black "Josse, Mark"]
[WhiteFideId "2215187"]
[BlackFideId "414476"]
[WhiteElo "2205"]
[BlackElo "2249"]
[Result "0-1"]
[Round "04"]
[TimeControl "180+1"]
[Date "2022.02.16"]
[WhiteClock "0:00:14"]
[BlackClock "0:00:46"]

1. e4 e6 2. Nf3 d5 3. e5 c5 4. b4 b6 5. a3 Nc6 6. b5 Na5 7. d3 Ne7 8. g3 Qc7 9. Bg2 Nf5 10. O-O Be7 11. Bb2 O-O 12. Nbd2 Bd7 13. c4 dxc4 14. dxc4 Rad8 15. Qe2 h6 16. Ne4 Bc8 17. Rad1 Bb7 18. Bc3 Nb3 19. Nf6+ gxf6 20. exf6 Bd6 21. Ne5 Bxg2 22. Kxg2 Nbd4 23. Qg4+ Kh7 24. Nc6 Nxc6 25. bxc6 Qxc6+ 26. Kh3 Rg8 27. Qh5 Rd7 28. f4 Ne3 29. g4 Qg2+ 30. Kh4 Qxh2# 0-1


[Site "https://www.chess.com"]

[Event "Titled Tuesday Blitz February 15 Late 2022"]
[White "Reprintsev, Alexander"]
[Black "Gledura, Benjamin"]
[WhiteFideId "14100541"]
[BlackFideId "712779"]
[WhiteElo "2494"]
[BlackElo "2717"]
[Result "0-1"]
[Round "04"]
[TimeControl "180+1"]
[Date "2022.02.16"]
[WhiteClock "0:00:28"]
[BlackClock "0:00:45"]

1. e4 c5 2. b3 Nc6 3. Bb2 e5 4. f4 exf4 5. Qf3 d6 6. Qxf4 Nge7 7. Bb5 Ng6 8. Bxc6+ bxc6 9. Qe3 Ne5 10. Nc3 Be7 11. O-O-O O-O 12. Nf3 c4 13. Na4 Qc7 14. Rhf1 Rb8 15. Nxe5 dxe5 16. Qg3 f6 17. Rf3 Be6 18. Rdf1 cxb3 19. axb3 Rb4 20. Ba3 Rxe4 21. Bxe7 Qxe7 22. Nc3 Rg4 23. Qf2 Qa3+ 24. Kb1 c5 25. Nb5 Qb4 26. Nc7 Bf7 27. Rc3 c4 28. Qxa7 cxb3 29. cxb3 Bxb3 30. Na6 Qb5 31. Nc7 Qxf1+ 32. Kb2 Bf7 0-1


[Site "https://www.chess.com"]

[Event "Titled Tuesday Blitz February 15 Late 2022"]
[White "Rorrer, Grayson"]
[Black "Bugayev, Vladimir"]
[WhiteFideId "30944996"]
[BlackFideId "30901480"]
[WhiteElo "2122"]
[BlackElo "2419"]
[Result "1-0"]
[Round "04"]
[TimeControl "180+1"]
[Date "2022.02.16"]
[WhiteClock "0:02:09"]
[BlackClock "0:01:44"]

1. e4 c6 2. d4 d5 3. exd5 cxd5 4. Bd3 Nc6 5. c3 Nf6 6. h3 g6 7. Nf3 Bf5 8. Ne5 Nxe5 9. dxe5 Ne4 10. Bb5+ Bd7 11. Qxd5 f5 12. e6 Nf6 13. exd7+ Nxd7 14. Qxb7 Rc8 15. Bf4 Bg7 16. O-O 1-0


[Site "https://www.chess.com"]

[Event "Titled Tuesday Blitz February 15 Late 2022"]
[White "Rosen, Eric"]
[Black "Dreev, Aleksey"]
[WhiteFideId "2032562"]
[BlackFideId "4100107"]
[WhiteElo "2572"]
[BlackElo "2809"]
[Result "0-1"]
[Round "04"]
[TimeControl "180+1"]
[Date "2022.02.16"]
[WhiteClock "0:00:03"]
[BlackClock "0:00:57"]

1. d4 d5 2. Bf4 c5 3. e3 Nc6 4. Nf3 Bg4 5. Nbd2 e6 6. c3 Bd6 7. Bxd6 Qxd6 8. Qa4 cxd4 9. Nxd4 Bh5 10. h4 Nf6 11. Bb5 O-O 12. Bxc6 bxc6 13. Qxc6 Qb8 14. N2b3 a5 15. Qa4 Rc8 16. Nc6 Qc7 17. Nbd4 Ne4 18. f4 f6 19. Qa3 Nd6 20. g4 Be8 21. Nxa5 Rxa5 22. Nxe6 Qb6 23. Qb4 Qxe3+ 24. Kd1 Qf3+ 25. Kc2 Qg2+ 26. Kb3 Rb5 27. Nd4 Rxb4+ 28. Kxb4 Qxb2+ 29. Ka5 Ra8# 0-1


[Site "https://www.chess.com"]

[Event "Titled Tuesday Blitz February 15 Late 2022"]
[White "Sadhwani, Raunak"]
[Black "Dronavalli, Harika"]
[WhiteFideId "35093487"]
[BlackFideId "5015197"]
[WhiteElo "2616"]
[BlackElo "2382"]
[Result "1-0"]
[Round "04"]
[TimeControl "180+1"]
[Date "2022.02.15"]
[WhiteClock "0:00:17"]
[BlackClock "0:00:09"]

1. b3 Nf6 2. Bb2 g6 3. Nf3 Bg7 4. g3 d6 5. d4 b5 6. Bg2 Bb7 7. O-O O-O 8. c4 bxc4 9. bxc4 c5 10. d5 Nbd7 11. Nbd2 Rb8 12. Qc2 Ba6 13. Rab1 Nb6 14. e4 Qe8 15. e5 Nfxd5 16. cxd5 Bxf1 17. Rxf1 Nxd5 18. Re1 Qb5 19. Ba1 Nb4 20. Qd1 dxe5 21. Bxe5 Rbd8 22. Bxg7 Kxg7 23. Qa1+ Kg8 24. Rxe7 Nc2 25. Qc1 Nd4 26. Nxd4 cxd4 27. Rxa7 Rc8 28. Rc7 Rxc7 29. Qxc7 Qb2 30. Nf1 Qxa2 31. Qd6 Qc4 32. h4 h5 33. Bd5 Qc2 34. Kg2 Qf5 35. Bf3 Qd3 36. Ne3 Rc8 37. Nd5 Rc2 38. Nf6+ Kg7 39. Qe5 Rxf2+ 40. Kxf2 Qe3+ 41. Qxe3 dxe3+ 42. Kxe3 Kxf6 43. Kf4 Kg7 44. Bxh5 gxh5 45. Kg5 f6+ 46. Kxh5 Kf7 47. Kg4 Kg6 48. Kf4 f5 49. Ke5 1-0


[Site "https://www.chess.com"]

[Event "Titled Tuesday Blitz February 15 Late 2022"]
[White "Sailer, Mike"]
[Black "Remizov, Yaroslav"]
[WhiteFideId "2012901"]
[BlackFideId "34134015"]
[WhiteElo "2109"]
[BlackElo "2360"]
[Result "0-1"]
[Round "04"]
[TimeControl "180+1"]
[Date "2022.02.16"]
[WhiteClock "0:01:00"]
[BlackClock "0:02:31"]

1. d4 e6 2. Nf3 a6 3. Bf4 c5 4. e3 Nc6 5. Be2 Nf6 6. O-O d5 7. Nc3 cxd4 8. exd4 Bd6 9. Ne5 Bxe5 10. Bxe5 Nxe5 11. dxe5 Nd7 12. Qd4 Qb6 13. Qxb6 Nxb6 14. f4 Bd7 15. g4 Rc8 16. f5 h5 17. fxe6 Bxe6 18. gxh5 d4 19. Ne4 Rxc2 20. Nd6+ Ke7 21. Bf3 Nc4 22. Nxb7 d3 23. Nc5 Nd2 24. Nxd3 Nxf1 25. Rxf1 Bc4 26. Be4 Bxd3 27. Bxd3 Rxb2 28. Bxa6 Rxh5 29. Rf2 Rxf2 30. Kxf2 Rxh2+ 31. Ke3 Rxa2 32. Bc4 Ra3+ 33. Kd4 Ra4 34. Kc5 g5 35. Bb5 Ra5 0-1


[Site "https://www.chess.com"]